Cogmind - Beta 14 @@@ ROGUE MODE // 2024.09.06 @ 01:17:03 Player: Beef Result: Destroyed by D6-0VF(R) with Subdweller Machine Gun Performance ------------- Evolutions (0) 0 Regions Visited (2) 400 Robots Destroyed (18) 90 Value Destroyed (407) 407 Prototype IDs (3) 60 Alien Tech Used (0) 0 Bonus (0) 0 TOTAL SCORE: 957 Bonus ------- None Cogmind --------- Core Integrity 0/250 Matter 285/300 Energy 125/125 System Corruption 0% Temperature Cool (0) Movement Treading (160) Location -10/Subcaves Parts ------- > --- POWER (1) -------- Light Ion Engine > --- PROPULSION (2) --- Light Treads > --- UTILITY (2) ------ Medium Storage Unit Improved Terrain Scanner > --- WEAPON (2) ------- Light Assault Rifle Light Assault Rifle > --- INVENTORY (10) --- Light Ion Engine Improved Heat Sink Medium Matter Pod (3) Structural Scanner Subdweller Beam Cannon Light Assault Rifle Light Assault Rifle Grenade Launcher Grenade Launcher Mining Claw Peak State ------------ > --- POWER ------------ Light Nuclear Core > --- PROPULSION ------- Light Treads Light Treads > --- UTILITY ---------- Small Storage Unit Improved Terrain Scanner > --- WEAPON ----------- Light Assault Rifle Light Assault Rifle > --- INVENTORY -------- Ion Engine Light Ion Engine Light Treads Improved Heat Sink Structural Scanner Small Laser Grenade Launcher Grenade Launcher [Rating: 12] Favorites ----------- Power Light Nuclear Core Engine Light Ion Engine Power Core Light Nuclear Core Propulsion Light Treads Treads Light Treads Utility Improved Terrain Scanner Device Improved Terrain Scanner Storage Medium Storage Unit Weapon Light Assault Rifle Ballistic Gun Light Assault Rifle Slashing Weapon Mining Claw Build | -11 -10 -10 ------- Run | Yrd Mat Sub Slots Evolved . | . . . Power . | . . . Propulsion . | . . . Utility . | . . . Weapon . | . . . Parts Attached 18 | 6 12 . Power 3 | 1 2 . Engine 2 | 1 1 . Core 1 | . 1 . Reactor . | . . . Propulsion 5 | 2 3 . Treads 5 | 2 3 . Leg . | . . . Wheel . | . . . Hover . | . . . Flight . | . . . Utility 3 | 1 2 . Device 1 | . 1 . Storage 2 | 1 1 . Processor . | . . . Hackware . | . . . Protection . | . . . Artifact . | . . . Weapon 7 | 2 5 . Energy Gun . | . . . Energy Cannon . | . . . Ballistic Gun 6 | 2 4 . Ballistic Cannon . | . . . Launcher . | . . . Special Weapon . | . . . Impact Weapon . | . . . Slashing Weapon 1 | . 1 . Piercing Weapon . | . . . Special Melee Weapon . | . . . Unidentified Prototypes . | . . . Parts Lost 5 | . 4 1 Power 1 | . 1 . Propulsion 3 | . 2 1 Utility . | . . . Weapon 1 | . 1 . Highest Loss Streak 3 | . 3 1 To Critical Strikes . | . . . Average Slot Usage (%) 97 | . 97 99 Engine 5 | . 4 14 Core 8 | . 9 . Treads 27 | . 27 27 Device 12 | . 11 14 Storage 14 | . 14 14 Ballistic Gun 27 | . 27 28 Peak Build Rating 12 | 6 12 10 Average Rating 10 | 4 10 9 On Entrance 5 | . 6 10 Naked Turns . | . . . Heaviest Build 18 | 12 18 16 Greatest Support 40 | 40 40 40 Greatest Overweight (x) 5 | . 5 . Average Overweight (x) . | . . . Largest Inventory Capacity 10 | 8 10 10 Average Capacity 9 | 6 9 10 Most Carried 10 | 2 10 10 Average Carried 7 | 1 7 9 Final Capacity 10 | 8 10 10 Final Carried 10 | 2 9 10 Class Distribution -------------------- 58% | Mutant 41% | Scavenger-Mutant Dominant Class ---------------- Scavenger-Mutant | -10/Materials Mutant | -10/Subcaves Resources | -11 -10 -10 ----------- Run | Yrd Mat Sub Matter Collected 559 | 218 299 42 Remotely . | . . . Salvage Created 601 | . 601 . Parts 45 | . 45 . Haulers Intercepted 1 | . 1 . Recyclers Shooed 2 | . 2 . Parts Field Recycled . | . . . Retrieved Matter . | . . . Parts Self-Destructed 4 | . . 4 Prevented . | . . . Kills | -11 -10 -10 ------- Run | Yrd Mat Sub Combat Hostiles Destroyed 15 | . 15 . Guns 15 | . 15 . Classes Destroyed 5 | . 5 . Tunneler 1 | . 1 . Hauler 1 | . 1 . Recycler 1 | . 1 . Swarmer 6 | . 6 . Grunt 9 | . 9 . Best Kill Streak 4 | . 4 . Combat Bots Only 3 | . 3 . Max Kills in Single Turn 1 | . 1 . Gunslinging . | . . . Exploded . | . . . Melee . | . . . Uniques/NPCs Destroyed . | . . . Combat | -11 -10 -10 -------- Run | Yrd Mat Sub Hostile Shots Fired 112 | . 95 17 Missed 27 | . 24 3 Damage Taken 1092 | . 789 303 Core 260 | . 174 86 Absorbed by Shields . | . . . Core Remaining (%) 100 | 100 . . Volleys Fired 109 | . 99 10 Largest 2 | . 2 2 Hottest 40 | . 40 40 Shots Fired 216 | . 196 20 Gun 216 | . 196 20 Cannon . | . . . Launcher . | . . . Special . | . . . Kinetic 216 | . 196 20 Thermal . | . . . Explosive . | . . . Electromagnetic . | . . . Robot Hit Streak 17 | . 17 12 Robot Miss Streak 6 | . 6 2 Penetration Max . | . . . Secondary Targets . | . . . Shots Hit Robots 132 | . 115 17 Core Hits 45 | . 42 3 Critical Kills . | . . . Critical Parts Destroyed 1 | . 1 . Critical Strikes 2 | . 1 1 Destroy 2 | . 1 1 Melee Attacks 8 | . 8 . Impact . | . . . Slashing 8 | . 8 . Piercing . | . . . Sneak Attacks . | . . . Combat Hostiles . | . . . Follow-up Attacks . | . . . Damage Inflicted 1129 | . 995 134 Guns 1129 | . 995 134 Cannons . | . . . Explosions . | . . . Melee . | . . . Ramming . | . . . Kinetic 1129 | . 995 134 Thermal . | . . . Explosive . | . . . Electromagnetic . | . . . Impact . | . . . Slashing . | . . . Piercing . | . . . Highest Corruption . | . . . Average Corruption . | . . . Corruption Purged . | . . . Corruption Blocked . | . . . Overload Shots . | . . . Overflow Damage . | . . . Projectiles . | . . . Explosions . | . . . Melee . | . . . Knockbacks . | . . . Impact . | . . . Kinetic . | . . . Secondary . | . . . Self-Inflicted Damage . | . . . Shots . | . . . Rammed . | . . . Targets Rammed . | . . . Kicked . | . . . Crushed . | . . . Highest Temperature 30 | . 30 . Average Temperature 7 | . 7 . Received Heat Transfer 336 | . 324 12 Siege Activations . | . . . Robots Corrupted . | . . . Combat Hostiles . | . . . Parts Fried . | . . . Impact Corruptions . | . . . Robots Melted . | . . . Combat Hostiles . | . . . Parts Melted . | . . . Heat Transferred . | . . . Parts Sabotaged . | . . . Parts Stolen . | . . . Parts Stripped . | . . . Power Chain Reactions . | . . . Alert | -11 -10 -10 ------- Run | Yrd Mat Sub Peak Influence 244 | . 244 . Initial . | . . . Average 109 | . 116 . Maximum Alert Level 1 | . 1 . Low Security (%) 91 | 100 91 . Level 1 8 | . 8 . Level 2 . | . . . Level 3 . | . . . Level 4 . | . . . Level 5 . | . . . High Security . | . . . Max Security . | . . . Squads Dispatched 1 | . 1 . Investigation 1 | . 1 . Extermination . | . . . Reinforcement . | . . . Assault . | . . . Garrison . | . . . Intercept . | . . . Searches Triggered . | . . . Construction Impeded . | . . . Haulers Reinforced . | . . . Active Scanning Responses . | . . . Cargo Convoy Interrupts . | . . . Stealth | -11 -10 -10 --------- Run | Yrd Mat Sub Distress Signals 1 | . 1 . Communications Jammed . | . . . Distress Signals . | . . . Times Spotted 31 | . 29 2 Peak Tracking Total 4 | . 4 2 Tactical Retreats 2 | . 2 . Traps | -11 -10 -10 ------- Run | Yrd Mat Sub Traps Triggered 1 | . 1 . Indirectly . | . . . Trap Hack Attempts . | . . . Triggered . | . . . Disarmed . | . . . Reprogrammed . | . . . Reused . | . . . Traps Extracted . | . . . Installed . | . . . Triggered . | . . . Machines | -11 -10 -10 ---------- Run | Yrd Mat Sub Machines Disabled . | . . . Max in Single Turn . | . . . Machines Repaired . | . . . Machines Dismantled . | . . . Machines Sabotaged . | . . . Overloaded Fab Kills . | . . . Hacking | -11 -10 -10 --------- Run | Yrd Mat Sub Machines Accessed 5 | . 5 . Terminals 5 | . 5 . Fabricators . | . . . Repair Stations . | . . . Recycling Units . | . . . Scanalyzers . | . . . Garrison Access . | . . . Total Hacks 21 | . 21 . Successful 10 | . 10 . Failed 11 | . 11 . Catastrophic 2 | . 2 . Database Lockouts . | . . . Manual 17 | . 17 . Terminals 21 | . 21 . Fabricators . | . . . Repair Stations . | . . . Recycling Units . | . . . Scanalyzers . | . . . Garrison Access . | . . . Terminal Hacks 6 | . 6 . Prototype ID Bank 2 | . 2 . Terminal Index 1 | . 1 . Zone Layout 3 | . 3 . Fabricator Hacks . | . . . Repair Station Hacks . | . . . Recycling Unit Hacks . | . . . Scanalyzer . | . . . Garrison Access Hacks . | . . . Unauthorized Hacks 4 | . 4 . Terminals 4 | . 4 . Botnet 4 | . 4 . Fabricators . | . . . Repair Stations . | . . . Recycling Units . | . . . Scanalyzers . | . . . Garrison Access . | . . . Data Cores Recovered . | . . . Used . | . . . Hacking Detections 5 | . 5 . Full Trace Events . | . . . Feedback Events . | . . . Feedback Blocked . | . . . Robot Schematics Acquired . | . . . Robots Built . | . . . Authchips . | . . . Time . | . . . Total Robot Build Rating . | . . . Part Schematics Acquired . | . . . Parts Built . | . . . Authchips . | . . . Time . | . . . Total Part Build Rating . | . . . Parts Repaired . | . . . Time . | . . . Parts Recycled . | . . . Recycled Matter . | . . . Retrieved Matter . | . . . Retrieved Components . | . . . Parts Scanalyzed . | . . . Part Schematics Acquired . | . . . Parts Damaged . | . . . Bothacking | -11 -10 -10 ------------ Run | Yrd Mat Sub Used RIF Installer . | . . . Robots Hacked . | . . . Non-combat . | . . . Combat . | . . . Robot Hacks Applied . | . . . Relay Couplers Released . | . . . Fabnet Peak Effective % . | . . . Robots Rewired . | . . . Allies Hacked . | . . . Hacks Repelled . | . . . Allies | -11 -10 -10 -------- Run | Yrd Mat Sub Total Allies . | . . . Largest Group . | . . . Highest-Rated Group . | . . . Highest-Rated Ally . | . . . Total Orders . | . . . Ally Attacks . | . . . Total Damage . | . . . Kills . | . . . Allies Corrupted . | . . . Allies Melted . | . . . Intel | -11 -10 -10 ------- Run | Yrd Mat Sub Robot Analysis Total . | . . . Derelict Logs Recovered . | . . . Drone Launches . | . . . Drone Recoveries . | . . . Exploration | -11 -10 -10 ------------- Run | Yrd Mat Sub Turns Passed 1831 | 93 1509 229 Spaces Moved 896 | 56 716 124 Core 8 | 7 1 . Treads 888 | 49 715 124 Legs . | . . . Wheels . | . . . Hover . | . . . Flight . | . . . Fastest Speed 50 | 50 160 160 Average Speed 159 | 146 160 160 Slowest Speed 300 | 160 300 160 Overloaded Moves . | . . . Propulsion Burnouts . | . . . Robots Hopped . | . . . Cave-ins Triggered . | . . . Exploration Rate (%) 33 | 4 86 9 Regions Visited 2 Branch Regions 1 Pre-discovered Areas 1 | . . 1 Known Exits Taken . | . . . Unknown Exits Taken 2 | 1 1 . Scrap Searched . | . . . Spaces Dug 3 | . 3 . Terrain Destroyed 3 | . 3 . Melee 3 | . 3 . Projectile . | . . . AOE . | . . . Terrain Rammed . | . . . Walls Destroyed . | . . . Machines Disabled . | . . . Actions | -11 -10 -10 --------- Run | Yrd Mat Sub Total 1108 | 64 904 140 Wait 61 | 1 55 5 Move 894 | 55 715 124 Hop . | . . . Pick Up 13 | 2 10 1 Fast Attach 8 | 6 2 . Attach 3 | . 3 . Detach . | . . . Swap 7 | . 7 . Drop 5 | . 5 . Fire 109 | . 99 10 Melee 8 | . 8 . Ram . | . . . Kick . | . . . Crush . | . . . Escape Stasis . | . . . Rewire . | . . . Trap . | . . . Miscellaneous . | . . . Route ------- -11/Scrapyard -10/Materials (discovered 5 exits: [*Mat x3] / [*Min] / [*Sub]) -10/Subcaves History --------- Turn | Location | Event 6 | -11/Scrapyard | Discovered new exit (range 15) 94 | -11/Scrapyard | Entered Materials 314 | -10/Materials | Build established: Mutant 584 | -10/Materials | Discovered new exit (range 16) 685 | -10/Materials | Discovered new exit (range 10) 751 | -10/Materials | Core integrity fell below 50% 910 | -10/Materials | Discovered new exit (range 13) 1053 | -10/Materials | Build established: Scavenger-Mutant 1305 | -10/Materials | Lost 3 parts (1p2n) 1321 | -10/Materials | Discovered new exit (range 15) 1597 | -10/Materials | Discovered new exit (range 3) 1603 | -10/Materials | Entered Subcaves 1643 | -10/Subcaves | Learned location of Zion (-7) 1643 | -10/Subcaves | Met a Zionite searching for "candidates" 1713 | -10/Subcaves | Shifting Twisted Machinery released Sub. Beam Cannon 1768 | -10/Subcaves | Shifting Twisted Machinery released Flamer 1781 | -10/Subcaves | Ambushed by Subdwellers from Twisted Machinery 1794 | -10/Subcaves | Core integrity fell below 20% 1812 | -10/Subcaves | Build established: Mutant 1832 | -10/Subcaves | Destroyed by D6-0VF(R) with Subdweller Machine Gun Last Messages --------------- AMBIENT_HEAT=-10 GOAL=ESCAPE 01605_ Acquired 7 matter. 01606_ 6S-VW8(z): "She is not going to be happy we haven't found any suitable candidates yet." 01606_ 7E-N7C(O) collects matter. 01607_ Acquired 10 matter. 01611_ 7E-N7C(O) collects matter. 01643_ 6S-VW8(z): "Hey you! It's really dangerous down here, I feel that you could die at any moment. For your health and safety might I suggest a trip to Zion?" World map updated: -7/Zion. 01680_ Acquired 13 matter. 01683_ Acquired 6 matter. Sub. Beam Cannon falls loose from the Twisted Machinery. 01722_ Acquired Sub. Beam Cannon. Flamer falls loose from the Twisted Machinery. 01781_ XY-V9Y(R) emerges from the Twisted Machinery. 01826_ D6-0VF(R) suffers critical hit (Destroy). 01828_ Lgt. Treads destroyed. Map ----- +----------------------------------------------------+ | ??????????????????????????#### ##???????????? | | ?????????????????????????###### #???????????? | | ???????????????????????#?## ### #???????????? | | ??????????????????????????# ## #?##????????? | | ????????????????#?????????# #???#???????? | | ??????????????????????????#" ##???????????? | | ??????????????#???????????##" """"""#????????????? | | ???????????????????????????# ### ###?#?????????? | | ???????????????????????????# ##?####????????????? | | ??????????????????????????## "###????#????#??????? | | ??????????????????????#????# ""####??????????????? | | ????????????????#????????#?# """"##?????????????? | | ???????????????????????????## """""#???#?????????? | | ??????????????????????#?????# "" "#?????????????? | | ????????????????????#???????# """##????????????? | | ????????????????????????????### """##???????????? | | ??????????????????????##?#????### "" #???????????? | | ????????????????? ? # # #####??## ""##???#???????? | | ??????????????? ?? |#?### ###???????????? | | ???????????????? ??" """"##" ##?##??????????? | | ????????????????? ??#? ## ""##?????????????? | | ?????????????????# ????# "## #??????????????? | | ?????????????????# ##?## ## ##?#????????????? | | ????????????????## #?# ##??###???#??????? | | ???????????#?#???? ### R ##?## #??????????? | | ????????????????????# #@ # ### #??????????? | | ?????????????????????# ### # # #??????????? | | ?????????????????????# #??????????? | | ?????????????????????# #??????????? | | ?????????????#?? ????## # ## # ##??????????? | | ???????????????# ???# ####? #???????????? | | ????????????????# ## ###??#???????????? | | ????????????????# ##?????????????? | | ???????????????# """" #?????????????? | | ??????????????## """""" #??????????? | | ??????????????# """""" ##??????????? | | ?????????????# ###""##"" #####???????????? | | ?????????????# ????"??## " ##????#??????????? | | ?????????????##?????????##"" ##????????????????? | | ????????????????#????????#" ##?????????????????? | | ????????????????????????## #???##?????????????? | | ????????????????????????? #??????????????????? | | ????????????????????????? ??????????????????? | | ?????????????????????? ???""" ??????????????????? | | ???????????????????#??????# " #?????????????????? | | ??????????????????????????? " ?????????????????? | | ????????????????????????????? ?????????????????? | | ????????????????????????????? ?????????????????? | | ?????????????????????????????? ?????????????????? | | ?????????????????????????????????????????????????? | +----------------------------------------------------+ Best States ------------- Heat Dissipation 25 Energy Generation 14 Energy Capacity 250 Matter Stores 300 Matter Capacity 300 Sight Range 16 Terrain Scan Range 16 Terrain Scan Density 10 Evasion (%) 40 Recoil Reduction 2 Item Schematics ----------------- None Robot Schematics ------------------ None Fabricated ------------ Nothing Alien Tech Used ----------------- None Achievements -------------- None Challenges ------------ None Game ------ Seed ImpactPitchforkSubcomponent Manual? 0 Play Time 00:08:20 Cumulative 120.0 hours Start 2024.09.04 @ 21:44:26 End 2024.09.06 @ 01:17:03 Sessions 5 Manual Loads 0 Difficulty Rogue Special Mode None Game No. 140 Rogue 140 Adventurer 0 Explorer 0 Win Type - Total 2 Types 2/0/0/0/0/0/0/0/0 Lore% 56 Gallery% 64 Achievement% 48 Wizard Run 0 Options --------- Layout 0 ASCII 0 Keyboard 1 Movement Numpad Keybinds 0 Fullscreen 2 Font 18/SmallcapsGlow Map View 76x50 Zoom Use 0% Tactical HUD 1 Map Filters NONE Filters NONE Steam 1 RUN: 1ba63402-1a8e-4798-a33c-59b7d8fbb9d4